 Dungeon Crawl Stone Soup version 0.21-a0-442-g848f44b (webtiles) character file.

1067 kae the Digger (level 8, -3/45 HPs)
             Began as a Gargoyle Earth Elementalist on Nov 13, 2017.
             Slain by a two-headed ogre
             ... wielding a cursed +0 giant spiked club
              (16 damage)
             ... on level 5 of the Dungeon.
             The game lasted 00:06:34 (5408 turns).

kae the Digger (Gargoyle Earth Elementalist)        Turns: 5408, Time: 00:06:34

Health: -3/45      AC:  9    Str: 12    XL:     8   Next: 28%
Magic:  5/15       EV: 12    Int: 18    God:
Gold:   212        SH:  5    Dex: 10    Spells: 12/16 levels left

rFire    . . .     SeeInvis .   p - +1 hand axe
rCold    . . .     Gourm    .   v - +1 buckler
rNeg     + + .     Faith    .   s - +0 robe
rPois    ∞         Spirit   .   r - +0 helmet
rElec    +         Reflect  .   y - scarf {cloud immunity}
rCorr    +         Harm     .   (no gloves)
MR       .....                  w - +0 pair of boots
Stlth    ++........             (no amulet)
HPRegen  0.15/turn              x - ring of positive energy
MPRegen  0.14/turn              E - ring of resist corrosion

@: no status effects
A: negative energy resistance 1, electricity resistance, unbreathing,
petrification resistance, rot immunity, AC +5
a: no special abilities


You were on level 5 of the Dungeon.
You were not hungry.

You visited 1 branch of the dungeon, and saw 5 of its levels.

You collected 212 gold pieces.

Inventory:

Hand Weapons
 g - a +0 dagger
 p - a +1 hand axe (weapon)
Missiles
 b - 123 stones (quivered)
Armour
 r - a +0 helmet (worn)
 s - a +0 robe (worn)
 v - a +1 buckler (worn)
 w - a +0 pair of boots (worn)
 y - a scarf of cloud immunity (worn)
Jewellery
 x - a ring of positive energy (left hand)
 E - a ring of resist corrosion (right hand)
Scrolls
 l - 2 scrolls of remove curse
 n - a scroll of enchant weapon
 t - a scroll of enchant armour
 u - a scroll of teleportation
Potions
 c - a potion of flight
 i - 2 potions of degeneration {unknown}
 o - a potion of resistance
 z - 2 potions of lignification {unknown}
 B - a potion of heal wounds {unknown}
 C - a potion of brilliance {unknown}
Books
 e - a book of Geomancy

   Spells                             Type                      Level
   a - Sandblast                      Earth                        1
   b - Passwall                       Transmutation/Earth          2
   c - Stone Arrow                    Conjuration/Earth            3
   d - Petrify                        Transmutation/Earth          4
   e - Lee's Rapid Deconstruction     Earth                        5
 f - a book of Changes

   Spells                             Type                      Level
   a - Beastly Appendage              Transmutation                1
   b - Sticks to Snakes               Transmutation                2
   c - Spider Form                    Transmutation/Poison         3
   d - Ice Form                       Ice/Transmutation            4
   e - Blade Hands                    Transmutation                5
Comestibles
 a - a royal jelly
 d - 5 bread rations
 m - a meat ration


   Skills:
 + Level 2.8 Fighting
 + Level 2.8 Dodging
 - Level 2.1 Stealth
 + Level 2.7 Shields
 * Level 4.8 Spellcasting
 * Level 4.2 Conjurations
   Level 0.7 Transmutations
 * Level 6.7 Earth Magic


You had 12 spell levels left.
You knew the following spells:

 Your Spells              Type           Power        Failure   Level  Hunger
a - Sandblast             Erth           ####..       1%          1    None
b - Stone Arrow           Conj/Erth      ###...       4%          3    ###....


Dungeon Overview and Level Annotations

Branches:
Dungeon (5/15)
 Temple: D:4-7

Altars:
Hepliaklqana
Kikubaaqudgha
Uskayaw


Innate Abilities, Weirdness & Mutations

You are resistant to torment.
Your stone body is resilient. (AC +5)
You are immune to poison.
You resist negative energy. (rN+)
You are resistant to electric shocks. (rElec)
You can survive without breathing.
You are immune to petrification.
You are immune to rotting.


Message History

Aiming: Sandblast
Press: ? - help, Shift-Dir - straight line, f/p - two-headed ogre
Aim: a two-headed ogre, wielding a giant spiked club and a giant club (heavily wounded)
The blast of sand hits the two-headed ogre.
The two-headed ogre is severely wounded.
b - 124 stones The two-headed ogre hits you with a giant spiked club!
The two-headed ogre hits you with a giant club!
* * * LOW HITPOINT WARNING * * *
Casting: Sandblast
Confirm with . or Enter, or press ? or * to list all spells.
Aiming: Sandblast
Press: ? - help, Shift-Dir - straight line, f/p - two-headed ogre
Aim: a two-headed ogre, wielding a giant spiked club and a giant club (severely wounded)
The blast of sand hits the two-headed ogre.
The two-headed ogre is severely wounded.
b - 123 stones The two-headed ogre barely misses you.
The two-headed ogre hits you with a giant club!
You die...

*,,,,,,,,*
***,,,,,****,,,,,**
**,,,,,,,***,,,,,,,,,,,,*****
***,,,*,,*,,,***,,*,,,,,,,,,*
*,,,,,.,,,,***
**,***,,,,,,,** *,*****.#,**
*.#**#..,,,,,, *,,* *,..,*
#.#*....,,,,,, **,* ***#.#*
#.##...,,,,,,, *,**
#..#####...).*,,,**,, *,,*
#..†@#...#.#****,*,,, **,*
#.##)O.#...##**#,,,,, *.##**
#.#..((...?.##..,,***
*....###......(....(..#*,,,*
**#.................%#****,*
*#.....)...........# *,*
#.#.÷<..........###* *,*
#...$>÷............# *,,
******
#.........).#.####.#****,


You could see a two-headed ogre.

Vanquished Creatures
  Grinder (D:4)
  Eustachio (D:4)
  A sky beast (D:5)
  2 centaurs (D:5)
  3 orc wizards
  An orc priest (D:4)
  2 hounds (D:4)
  Natasha (thrice) (D:4)
  2 worker ants (D:4)
  5 adders
  An ooze (D:3)
  4 worms
  4 dart slugs
  3 leopard geckos
  15 orcs
  2 giant cockroaches
  9 hobgoblins
  12 jackals
  5 kobolds
  A quokka (D:2)
  7 bats
  8 frilled lizards
  5 goblins
  A jackal zombie (D:4)
  A quokka skeleton (D:4)
  5 rats
104 creatures vanquished.

Notes
Turn   | Place    | Note
-------+----------+-------------------------------------------
     0 | D:1      | kae the Gargoyle Earth Elementalist began the quest for the Orb.
     0 | D:1      | Reached XP level 1. HP: 10/10 MP: 3/3
   293 | D:1      | Reached skill level 4 in Earth Magic
   293 | D:1      | Reached XP level 2. HP: 15/15 MP: 3/5
   959 | D:2      | Reached XP level 3. HP: 10/19 MP: 1/7
  1397 | D:2      | Found a hazy altar of Hepliaklqana.
  1397 | D:2      | Found an ancient bone altar of Kikubaaqudgha.
  1609 | D:2      | Learned a level 3 spell: Stone Arrow
  1861 | D:2      | Reached XP level 4. HP: 24/24 MP: 8/8
  1871 | D:2      | Found a faded altar of an unknown god.
  2383 | D:3      | Reached skill level 1 in Conjurations
  2392 | D:3      | Reached XP level 5. HP: 17/28 MP: 1/10
  2405 | D:3      | Reached skill level 5 in Earth Magic
  2719 | D:3      | Found a hide-covered altar of Uskayaw.
  3229 | D:4      | Noticed Eustachio
  3252 | D:4      | Reached skill level 1 in Fighting
  3280 | D:4      | Killed Eustachio
  3280 | D:4      | Reached skill level 1 in Shields
  3280 | D:4      | Reached XP level 6. HP: 12/34 MP: 2/11
  3601 | D:4      | Noticed Grinder
  3606 | D:4      | Killed Grinder
  3606 | D:4      | Reached skill level 6 in Earth Magic
  3606 | D:4      | Reached XP level 7. HP: 32/40 MP: 4/13
  4409 | D:4      | Noticed Natasha
  4414 | D:4      | Killed Natasha
  4902 | D:4      | Noticed Natasha
  4909 | D:4      | Killed Natasha
  5027 | D:4      | Noticed Natasha
  5032 | D:4      | Killed Natasha
  5116 | D:5      | Entered Level 5 of the Dungeon
  5147 | D:5      | Reached XP level 8. HP: 31/45 MP: 8/14
  5401 | D:5      | Noticed a two-headed ogre
  5408 | D:5      | Slain by a two-headed ogre

Vault maps used:
D:1:      tarquinn_simple_flora_water_a, minmay_pentomino_p4
D:2:      amethyst_overflow_temple_binary, chequers_ecumenical_altar_simple,
          first_bread
D:3:      nicolae_overflow_crystal_walls
D:4:      uniq_grinder, uniq_eustachio, uniq_natasha
D:5:      grunt_temple_overflow_open, kennysheep_okawaru_gauntlet

Skill      XL: |  1  2  3  4  5  6  7  8 |
---------------+-------------------------+-----
Earth Magic    | 4 5 6 |  6.7
Spellcasting   | 3 4 |  4.8
Conjurations   | 1 2 3 4 |  4.2
Fighting       | 1 2 |  2.8
Dodging        | 2 |  2.8
Shields        | 1 2 |  2.7
Stealth        | |  2.1
Transmutations | |  0.7

Action                   |  1- 3 |  4- 6 |  7- 9 || total
-------------------------+-------+-------+-------++-------
Melee: Unarmed           |    15 |       |       ||    15
       Dagger            |    34 |       |       ||    34
       Hand axe          |    64 |   134 |    86 ||   284
 Cast: Sandblast         |    20 |    31 |    27 ||    78
       Stone Arrow       |       |     2 |    15 ||    17
  Use: Potion            |       |     2 |       ||     2
       Scroll            |       |       |     9 ||     9
 Stab: Sleeping          |     3 |     1 |     2 ||     6
       Distracted        |       |     1 |       ||     1
  Eat: Chunk             |     3 |     6 |     7 ||    16
Armor: Robe              |    44 |    93 |    65 ||   202
Dodge: Dodged            |   112 |   148 |    97 ||   357
Block: Buckler           |       |    19 |    40 ||    59

Table legend:
 A = Spawn XP
 B = Non-spawn XP
 C = Spawn XP percentage of total XP
 D = Spawn monster count
 E = Non-spawn monster count
 F = Spawn count percentage of total count
 G = Total turns spent on level
                    A         B        C        D         E        F      G
               +---------+---------+-------+---------+---------+-------+---------
         Total |       0 |    1525 |   0.0 |       0 |     104 |   0.0 |  5408
               +---------+---------+-------+---------+---------+-------+---------
           D:1 |       0 |      30 |   0.0 |       0 |      19 |   0.0 |   914
           D:2 |       0 |      65 |   0.0 |       0 |      20 |   0.0 |  1403
           D:3 |       0 |     107 |   0.0 |       0 |      22 |   0.0 |   851
           D:4 |       0 |     933 |   0.0 |       0 |      30 |   0.0 |  2049
           D:5 |       0 |     390 |   0.0 |       0 |      13 |   0.0 |   191
               +---------+---------+-------+---------+---------+-------+---------
